 Dungeon Crawl Stone Soup version 0.30-b1-2-g02819fbbbe (webtiles) character file.

Game seed: 11968046860299540940

399 Alarkh the Insei (level 6, 28/44 HPs)
             Began as a Demonspawn Warper on May 25, 2023.
             Was a Follower of Uskayaw.
             Got out of the dungeon alive.
             The game lasted 00:08:56 (3486 turns).

Alarkh the Insei (Demonspawn Warper)                Turns: 3486, Time: 00:08:56

Health: 28/44      AC:  5    Str:  9    XL:     6   Next: 53%
Magic:  9/9        EV: 11    Int: 16    God:    Uskayaw [*.....]
Gold:   193        SH:  4    Dex: 13    Spells: 9/9 levels left

rFire   + .          .
                       - Unarmed
rCold   . . .        (no shield)
rNeg    . . .        a - +0 leather armour
rPois   .            (helmet restricted)
rElec   .            (no cloak)
rCorr   .            (no gloves)
SInv    .            (no boots)
Will    .....        (no amulet)
Stlth   +            (no ring)
HPRegen 0.27/turn    (no ring)
MPRegen 0.11/turn

%: no passive effects
@: no status effects
A: horns 1, icy blue scales 1, powered by death 1, condensation shield, fire
resistance 1, weak 1
a: Renounce Religion, Stomp


You escaped.
You worshipped Uskayaw.
Uskayaw was noncommittal.
You visited 2 branches of the dungeon, and saw 5 of its levels.
You also visited: Sewer.

You collected 193 gold pieces.

Inventory:

Hand Weapons
 b - a +0 sling of flaming
Missiles
 c - 4 boomerangs of dispersal (quivered)
 d - a throwing net
Armour
 a - a +0 leather armour (worn)
 e - an orb of mayhem
 j - a +0 helmet
Wands
 l - a wand of iceblast (1)
Scrolls
 g - 2 scrolls of poison
 h - a scroll of enchant weapon
 i - 2 scrolls of blinking
 r - a scroll of identify
Potions
 f - a potion of mutation
 k - 2 potions of flight
 m - a potion of heal wounds
 n - a potion of curing


   Skills:
 - Level 2.0 Fighting
 - Level 0.8 Throwing
 - Level 0.8 Armour
 - Level 1.7 Dodging
 + Level 6.4 Unarmed Combat
 - Level 2.0 Spellcasting
 - Level 2.6 Translocations


You had 9 spell levels left.
You didn't know any spells.
Your spell library contained the following spells:

 Spells                   Type           Power      Damage    Failure   Level
 Blink                    Tloc           20%        N/A       14%         2
 Lesser Beckoning         Tloc           20%        N/A       14%         2
 Teleport Other           Tloc           10%        N/A       28%         3
 Vhi's Electric Charge    Tloc/Air       10%        N/A       43%         3
 Manifold Assault         Tloc           10%        N/A       67%         4


Dungeon Overview and Level Annotations

Branches:
Dungeon (4/15)             Temple (1/1) D:4           Sewer (visited)

Altars:
Ashenzari
Cheibriados
Dithmenos
Fedhas
Gozag
Hepliaklqana
Makhleb
Nemelex Xobeh
Okawaru
Qazlal
Ru
Sif Muna
Trog
Uskayaw
Vehumet
Wu Jian
Yredelemnul

Shops:
D:1 ?


Innate Abilities, Weirdness & Mutations

You have a pair of small horns on your head.
You are partially covered in icy blue scales. (AC +2)
You regenerate a little health from kills.
A meltable shield of frost defends you. (SH +4)
Your flesh is heat resistant. (rF+)
You are weak. (Str -2)


Message History

You are confused.
You're too confused to move!
You hear some strange, mumbled words.
A puff of flame appears from out of thin air!
The puff of flame hits you. You resist.
You bump into the rock wall.
Something hits you.
* * * LOW HITPOINT WARNING * * *
You miss something. Your headbutt misses something. Something hits you.
* * * LOW HITPOINT WARNING * * *
You bump into the rock wall.
Something hits you but does no damage.
You miss something. Something hits you.
* * * LOW HITPOINT WARNING * * *
You hit something but do no damage. Something hits you but does no damage.
Something hits you.
* * * LOW HITPOINT WARNING * * *
You feel less confused.
You punch something! Your headbutt misses something. Something hits you.
* * * LOW HITPOINT WARNING * * *
You hit something.
Reactivating autopickup.
You feel a bit more experienced.
Things that are here:
a +0 dagger; a +0 robe
There is a stone staircase leading up, spattered with blood here.
You climb upwards.
There is a stone staircase leading down here.
(D) Dungeon (T) Temple
Where to? (Enter - D:1, ? - help)
Your icy envelope is restored.
There is a stone staircase leading up here.
You climb upwards.
There is a stone staircase leading down here.
Things that are here:
5 stones; a +0 club
There is an open door here.
There is a staircase leading out of the dungeon here.
Are you sure you want to leave the Dungeon?
This will make you lose the game!
Alright, then stay!
Are you sure you want to leave the Dungeon?
This will make you lose the game!
You have escaped!

.########.###....##.##.....#
..........# #..####.###...##
########### #..# #.# #####
#..####.# #....##.#
#.##....# #########
#.##'##.# ........#
#.#...#.#
#######.#####.#.@.#.#
..............#...#.#
..............##+##.##
#.##############.....## #.#
#...........# #.#
######.###.##....# .##
#.(............#.# ##
#.####.###.#####.# # #.# #.#
#.# #.#


There were no monsters in sight!

Vanquished Creatures
  A phantom (D:4)
  A kobold brigand (Sewer)
  An orc priest (D:3)
  An orc wizard (D:3)
  4 gnolls
  4 adders
  2 river rats (Sewer)
  4 worms
  A dart slug (D:1)
  4 orcs
  5 endoplasms
  8 giant cockroaches
  7 goblins
  5 hobgoblins
  3 jackals (Sewer)
  13 kobolds
  3 quokkas
  8 ball pythons
  7 bats
  3 frilled lizards
  12 rats
97 creatures vanquished.

Vanquished Creatures (collateral kills)
  A hobgoblin (D:4)
1 creature vanquished.

Grand Total: 98 creatures vanquished

Notes
Turn   | Place    | Note
-------+----------+-------------------------------------------
     0 | D:1      | Alarkh the Demonspawn Warper began the quest for the Orb.
     0 | D:1      | Reached XP level 1. HP: 16/16 MP: 3/3
    25 | D:1      | Reached skill level 2 in Unarmed Combat
   158 | D:1      | Gained mutation: You regenerate a little health from kills.
                  | [demonic ancestry]
   158 | D:1      | Reached XP level 2. HP: 7/22 MP: 5/5
   320 | D:1      | You fall into a shaft and drop 1 floor!
   348 | D:1      | Found Qaeklu's Magic Scroll Shoppe.
   454 | D:1      | Reached skill level 3 in Unarmed Combat
   647 | D:1      | Gained mutation: You are partially covered in icy blue
                  | scales. (AC +2) [demonic ancestry]
   647 | D:1      | Reached XP level 3. HP: 23/27 MP: 6/6
  1620 | D:2      | Reached skill level 4 in Unarmed Combat
  1620 | D:2      | Reached XP level 4. HP: 28/33 MP: 7/7
  1806 | D:3      | Found a basalt altar of Yredelemnul.
  1809 | D:3      | Found a shimmering blue altar of Sif Muna.
  1835 | D:3      | Found a blossoming altar of Fedhas.
  1983 | D:3      | Found a sparkling altar of Nemelex Xobeh.
  2420 | D:3      | Gained mutation: You have a pair of small horns on your
                  | head. [demonic ancestry]
  2420 | D:3      | Reached XP level 5. HP: 28/38 MP: 8/8
  2436 | D:4      | Found a staircase to the Ecumenical Temple.
  2449 | Temple   | Entered the Ecumenical Temple
  2534 | Temple   | Became a worshipper of Uskayaw the Reveller
  2569 | D:4      | Reached * piety under Uskayaw
  2593 | D:4      | Reached ** piety under Uskayaw
  2598 | D:4      | Reached skill level 5 in Unarmed Combat
  2599 | D:4      | Reached *** piety under Uskayaw
  2732 | D:4      | Noticed a phantom
  2744 | D:4      | Killed a phantom
  2943 | D:4      | Found a glowing drain.
  2950 | Sewer    | Entered a sewer
  2951 | Sewer    | Gained mutation: Your flesh is heat resistant. (rF+)
                  | [potion of mutation]
  2951 | Sewer    | Gained mutation: You are weak. (Str -2) [potion of
                  | mutation]
  2959 | Sewer    | Gained mutation: A meltable shield of frost defends you.
                  | (SH +4) [demonic ancestry]
  2959 | Sewer    | Reached XP level 6. HP: 32/44 MP: 9/9
  3097 | Sewer    | Reached skill level 6 in Unarmed Combat
  3486 | D:$      | Got out of the dungeon alive.

Illustrated notes

Levels and vault maps discovered:
D:1:      dpeg_arrival_tiny_f, layout_loops_ring, serial_shops, shop
D:2:      layout_loops_ring, minmay_misc_feat_more_columns, grunt_ministairs_12
D:3:      layout_loops_ring, old_standard_altar,
          grunt_temple_overflow_cloverleaf, serial_shops,
          nicolae_shop_window_shopping, small_statue_intersection,
          kennysheep_generic_room_6
D:4:      layout_basic, minmay_temple_entry_ruins, portal_sewer_entry_e,
          corexii_item_surrounded_by_moat
Temple:   nicolae_temple_great_sept

Skill      XL: |  1  2  3  4  5  6 |
---------------+-------------------+-----
Unarmed Combat | 2 3 4 5 6 |  6.4
Fighting       | |  2.0
Throwing       | |  0.8
Armour         | |  0.8
Dodging        | |  1.7
Spellcasting   | |  2.0
Translocations | |  2.6

Action                     |  1- 3 |  4- 6 || total
---------------------------+-------+-------++-------
  Melee: Unarmed           |   227 |   242 ||   469
         Punch             |     6 |     7 ||    13
         Headbutt          |       |    31 ||    31
   Fire: Sling             |       |     1 ||     1
  Throw: Boomerang         |     2 |     1 ||     3
    Use: Scroll            |     2 |     7 ||     9
         Potion            |       |     1 ||     1
   Stab: Sleeping          |     1 |     1 ||     2
         Paralysed         |       |     2 ||     2
 Armour: Leather armour    |    68 |    82 ||   150
  Dodge: Dodged            |   119 |   145 ||   264
  Block: Other             |       |    19 ||    19
